 Dungeon Crawl Stone Soup version 0.29-a0-234-g0dae59b3db (webtiles) character file.

Game seed: 7856265745902894802

2 spaghetti the Sneak (level 1, -1/18 HPs)
             Began as a Mummy Delver on Mar 3, 2022.
             Slain by an adder (3 damage)
             ... on level 3 of the Dungeon.
             The game lasted 00:00:42 (206 turns).

spaghetti the Sneak (Mummy Delver)                   Turns: 206, Time: 00:00:43

Health: -1/18      AC:  3    Str: 15    XL:     1   Next: 33%
Magic:  1/1        EV: 11    Int:  9    God:
Gold:   0          SH:  0    Dex: 13    Spells: 0/0 levels left

rFire   x . .      SeeInvis .   a - +0 falchion {long}
rCold   + . .      Faith    .   (no shield)
rNeg    + + +      Spirit   .   b - +0 leather armour
rPois   ∞          Reflect  .   (no helmet)
rElec   .          Harm     .   (no cloak)
rCorr   .          Rampage  .   (no gloves)
Will    .....                   (no boots)
Stlth   ++........              (no amulet)
HPRegen 0.06/turn               (no ring)
MPRegen 0.07/turn               (no ring)

@: no status effects
A: cold resistance 1, negative energy resistance 3, torment resistance 2, heat
vulnerability 1, no potions
a: no special abilities


You were on level 3 of the Dungeon.
You visited 1 branch of the dungeon, and saw 4 of its levels.


Innate Abilities, Weirdness & Mutations

You are immune to poison.
Your flesh is cold resistant. (rC+)
You are immune to negative energy. (rN+++)
You are immune to unholy pain and torment.
You are vulnerable to heat. (rF-)
You do not drink.


   Skills:
 + Level 3.2 Fighting
 - Level 1.5 Long Blades
 - Level 1.5 Dodging
 - Level 4.1 Stealth


You couldn't memorise any spells.
You didn't know any spells.
Your spell library was empty.

Inventory:

Hand Weapons
 a - a +0 falchion (weapon) {long}
 e - a +0 hunting sling {sling}
   (You found it on level 4 of the Dungeon)
Armour
 b - a +0 leather armour (worn)
Wands
 f - a wand of digging (3)
Scrolls
 c - a scroll of fog
 d - a scroll of magic mapping {!r}
 g - a scroll of identify {@r1}

Dungeon Overview and Level Annotations

Branches:
Dungeon (6/15)
 Temple: D:4-7

Altars:

Shops:
D:3 (

Annotations:
D:5 Eustachio

.. #.. ##. #.#
#... #.# #.#..
#.# #...#.
#.##..∩..#
#..S#...#
#.@..#.#
#.....#
#.#.### #.#...
#.#####+#
##+###........
+........###+#
###.##...#
#..#...#


You could see an adder.


Message History

You kill the orc!
Things that are here:
a +0 dagger {short}; a +0 leather armour 2 gnolls come into view.
A gnoll shaman comes into view. It is wielding a +0 whip.
The gnoll shaman shouts!
The gnoll shouts!
You hear a shout!
A gnoll comes into view. It is wielding a +0 whip.
You can't drink.
As you read the scroll of fear, it crumbles to dust.
You assume a fearsome visage.
The gnoll shaman looks frightened!
The gnoll looks frightened! x2
The gnoll shouts!
The gnoll looks frightened!
A gnoll comes into view. It is wielding a +0 spear.
A jelly comes into view.
The gnoll hits you from afar with a +0 spear.
A gnoll comes into view.
It is wielding a +0 halberd of protection. 😕 HP[-3]
You take 3 damage, and now have 15/18 hp.
There is a stone staircase leading up here.
The gnoll completely misses you. The jelly closely misses you.
You climb upwards.
Found a scroll labelled OVIBBU GYARPH and a hunting sling.
Found a stone staircase leading up.
There is a stone staircase leading down here.
Unknown command.
Unknown command.
e - a scroll labelled OVIBBU GYARPH 😎 HP[+3]
Your hp is fully restored (18).
As you read the scroll labelled OVIBBU GYARPH, it crumbles to dust.
The air around you briefly surges with heat, but it dissipates.
It was a scroll of immolation.
Unknown command.
Found an escape hatch in the ceiling.
A kobold comes into view. It is wielding a +0 whip.
Search for what [? for help]? slig Can't find anything matching that.
Search for what [Enter for "slig", or ? for help]? sli An endoplasm comes into view.
There are no items here.
You see here a +0 hunting sling {sling}.
e - a +0 hunting sling {sling}
Found an escape hatch in the floor.
There is a stone staircase leading up here.
You climb upwards.
There is a stone staircase leading down here.
Unknown command.
Unknown command.
A ball python is nearby!
The helpless ball python fails to defend itself.
You hit the ball python.
You kill the ball python!
No target in view!
No target in view!
No target in view!
No target in view!
No target in view!
No target in view!
No target in view!
No target in view!
You see here a ball python corpse.
Found Kionu's Weapon Emporium.
An adder comes into view.
The adder hisses angrily.
An adder is nearby!
The adder bites you. 😕 HP[-2]
You take 2 damage, and now have 16/18 hp.
You hit the adder but do no damage. The adder barely misses you.
The adder bites you. 😕 HP[-2]
You take 2 damage, and now have 14/18 hp.
You completely miss the adder. The adder closely misses you.
You barely miss the adder. The adder barely misses you.
The adder closely misses you. 😕 HP[+1]
You hit the adder but do no damage. The adder barely misses you.
You miss the adder. The adder bites you. x2
* * * LOW HITPOINT WARNING * * *
😨 HP[-6]
You take 6 damage, and now have 9/18 hp.
MASSIVE DAMAGE!! (PAUSE)
You can't drink.
Okay, then.
You hit the adder. The adder bites you but does no damage. The adder bites you.
* * * LOW HITPOINT WARNING * * *
😨 HP[-3]
You take 3 damage, and now have 6/18 hp.
You hit the adder. The adder bites you but does no damage.
You miss the adder.
The adder bites you but does no damage. x2
You hit the adder but do no damage. The adder bites you but does no damage.
You hit the adder but do no damage. The adder bites you.
* * * LOW HITPOINT WARNING * * *
The adder bites you but does no damage. 😱 HP[-4]
You take 4 damage, and now have 2/18 hp.
MASSIVE DAMAGE!! (PAUSE)
You completely miss the adder. The adder bites you.
You die...

Action                   || total
-------------------------++-------
Melee: Falchion          ||    18
  Use: Scroll            ||     3
 Stab: Sleeping          ||     1
Armor: Leather armour    ||    10
Dodge: Dodged            ||    10

Levels and vault maps discovered:
D:3:      layout_basic, serial_shops, nicolae_diamond_shop,
          shapermc_ecumenical_altar_flowoftime
D:4:      layout_loops_ring, dancing_weapons_uskayaw, uniq_edmund
D:5:      layout_basic, grunt_gozag_breadcrumbs, uniq_blork_the_orc,
          uniq_eustachio, uniq_ijyb
D:6:      layout_loops_cross, uniq_duvessa, uniq_pikel

Notes
Turn   | Place    | Note
-------+----------+-------------------------------------------
     0 | D:5      | spaghetti the Mummy Delver began the quest for the Orb.
     0 | D:5      | Reached XP level 1. HP: 18/18 MP: 1/1
     0 | D:5      | magus.rc [v1.9.6]
     8 | D:6      | Noticed a bullfrog
    24 | D:5      | Noticed an iguana
    50 | D:5      | Noticed Eustachio
    70 | D:5      | Noticed a gnoll shaman
    73 | D:5      | Noticed a jelly
   193 | D:3      | Found Kionu's Weapon Emporium.
   205 | D:3      | HP: 2/18 [adder (4)]
   206 | D:3      | Slain by an adder

Vanquished Creatures
  An orc (D:5)
  A ball python (D:3)
2 creatures vanquished.

Table legend:
 A = Non-vault XP
 B = Vault XP
 C = Vault XP percentage of total XP
 D = Non-vault monster count
 E = Vault monster count
 F = Vault count percentage of total count
                 A         B        C        D         E       F
            +---------+---------+-------+---------+---------+-------
      Total |       4 |       0 |   0.0 |       2 |       0 |   0.0
            +---------+---------+-------+---------+---------+-------
        D:3 |       1 |       0 |   0.0 |       1 |       0 |   0.0
        D:5 |       3 |       0 |   0.0 |       1 |       0 |   0.0
            +---------+---------+-------+---------+---------+-------

Illustrated notes

Table legend:
 A = Kills in this place as a percentage of kills in entire the game.
 B = Kills by you in this place as a percentage of kills by you in the entire game.
 C = Kills by friends in this place as a percentage of kills by friends in the entire game.
 D = Other kills in this place as a percentage of other kills in the entire game.
 E = Experience gained in this place as a percentage of experience gained in the entire game.
 F = Experience gained in this place divided by the number of levels of this place that you have seen.
                   A       B       C       D       E      F
               +-------+-------+-------+-------+-------+----------------------
         Total | 100.0 | 100.0 |   N/A |   N/A | 100.0 |   1.0
       Dungeon | 100.0 | 100.0 |   N/A |   N/A | 100.0 |   1.0
               +-------+-------+-------+-------+-------+----------------------

Table legend: (Time is in decaauts)
 A = Elapsed time spent in this place.
 B = Non-inter-level travel time spent in this place.
 C = Inter-level travel time spent in this place.
 D = Time resting spent in this place.
 E = Time spent auto-exploring this place.
 F = Levels seen in this place.
 G = Mean time per level.
                   A        B        C        D        E       F      G
               +--------+--------+--------+--------+--------+-----+--------+
         Total |    209 |    191 |     18 |      0 |    101 |   4 |   52.2 |
       Dungeon |    209 |    191 |     18 |      0 |    101 |   4 |   52.2 |
               +--------+--------+--------+--------+--------+-----+--------+

Top non-repeatable levels by time:
     D:4: 96 daAuts
     D:5: 67 daAuts
     D:3: 34 daAuts
     D:6: 10 daAuts
